 Dungeon Crawl Stone Soup version 0.30-a0-1066-g63dfefce0d (webtiles) character file.

Game seed: 1975884026842543961

659 cheesebisquit the Trooper (level 7, -4/63 HPs)
             Began as a Black Draconian Venom Mage on Apr 12, 2023.
             Killed from afar by an acid dragon (36 damage)
             ... with a splash of acid
             ... on level 5 of the Dungeon.
             The game lasted 00:20:07 (6347 turns).

cheesebisquit the Trooper (DrVM)                    Turns: 6347, Time: 00:20:08

Health: -4/63      AC:  3    Str: 11    XL:     7   Next: 30%
Magic:  4/10       EV: 17    Int: 19    God:
Gold:   247        SH:  0    Dex: 11    Spells: 0/10 levels left

rFire   . . .      SeeInvis .    m - +5 quarterstaff "Daopty" {chaos, Drain rPois Int+2}
rCold   . . .      Faith    .    (shield currently unavailable)
rNeg    . . .      Spirit   .    (body armour unavailable)
rPois   +          Reflect  .    (helmet restricted)
rElec   +          Rampage  .    (no cloak)
rCorr   .                        A - +0 pair of gloves
Will    .....                    (no boots)
Stlth   ++                       (no amulet)
HPRegen 0.30/turn                d - +5 ring of evasion
MPRegen 0.12/turn                z - ring of wizardry

@: corroded
A: breathe lightning, AC +6, unfitting armour, electricity resistance,
cold-blooded
a: Breathe Lightning


You were on level 5 of the Dungeon.
You visited 1 branch of the dungeon, and saw 5 of its levels.

You collected 247 gold pieces.

Inventory:

Hand Weapons
 e - a +0 club
 k - a +0 quarterstaff
 m - the +5 quarterstaff "Daopty" (weapon) {chaos, Drain rPois Int+2}
   (You found it on level 2 of the Dungeon)

   Int:       It affects your intelligence (+2).
   rPois:     It protects you from poison.
   Drain:     It drains your maximum health when unequipped.
Missiles
 g - 13 poisoned darts
 s - 3 atropa-tipped darts
Armour
 y - an orb of energy
 A - a +0 pair of gloves (worn)
Jewellery
 d - a +5 ring of evasion (left hand)
 z - a ring of wizardry (right hand)
Wands
 p - a wand of paralysis (3)
 u - a wand of flame (13)
Scrolls
 b - 2 scrolls of fog {unknown}
 c - a scroll of enchant weapon {unknown}
 f - 3 scrolls of brand weapon {unknown}
 h - 2 scrolls of blinking {unknown}
 o - 4 scrolls of identify {unknown}
 r - 2 scrolls of teleportation {unknown}
 t - a scroll of fear {unknown}
 w - a scroll of magic mapping {unknown}
 x - a scroll of amnesia {unknown}
Potions
 a - a potion of magic
 i - 2 potions of haste {unknown}
 j - a potion of invisibility {unknown}
 l - 2 potions of flight {unknown}
 n - a potion of might {unknown}
 v - a potion of degeneration {unknown}


   Skills:
 + Level 6.2 Fighting
 + Level 4.7 Staves
 + Level 2.0 Dodging
 - Level 1.7 Stealth
 + Level 2.1 Spellcasting
 - Level 1.0 Transmutations
 + Level 1.0 Air Magic
 + Level 3.2 Poison Magic


You couldn't memorise any spells.
You knew the following spells:

 Your Spells              Type           Power      Damage    Failure   Level
a - Sting                 Tmut/Pois      40%        1d5       2%          1
c - Mephitic Cloud        Conj/Pois/Air  7%         N/A       12%         3
d - Olgreb's Toxic Radia  Pois           14%        N/A       17%         4
z - Poisonous Vapours     Pois/Air       20%        N/A       4%          2

Your spell library contained the following spells:

 Spells                   Type           Power      Damage    Failure   Level
 Slow                     Hex            8%         N/A       7%          1
 Lesser Beckoning         Tloc           4%         N/A       11%         2
 Confusing Touch          Hex            2%         N/A       21%         3
 Gell's Gravitas          Tloc           2%         N/A       21%         3
 Teleport Other           Tloc           2%         N/A       21%         3
 Vampiric Draining        Necr           2%         2d6       21%         3


Dungeon Overview and Level Annotations

Branches:
Dungeon (5/15)
 Temple: D:4-7

Altars:
Makhleb
The Shining One


Innate Abilities, Weirdness & Mutations

You can breathe wild blasts of lightning.
Your glossy black scales are hard. (AC +6)
You cannot fit into any form of body armour.
You are resistant to electric shocks. (rElec)
You are cold-blooded and may be slowed by cold attacks.


Message History

The acid dragon looks even sicker.
The acid dragon is moderately wounded.
The acid dragon spits acid at you. The splash of acid hits you!!
You closely miss the acid dragon.
The acid dragon is moderately wounded.
The acid dragon bites you! The acid dragon closely misses you.
Your magical contamination has completely faded away.
You hit the acid dragon.
The acid dragon seems to speed up.
The acid dragon is heavily wounded.
The acid dragon bites you but does no damage.
The acid dragon closely misses you. x2
The acid dragon claws you but does no damage.
You sock the acid dragon!
The acid dragon is severely wounded.
The acid dragon bites you but does no damage.
The acid dragon closely misses you.
You closely miss the acid dragon.
You tail-slap the acid dragon, but do no damage.
The acid dragon is severely wounded.
The acid dragon barely misses you.
The acid dragon claws you but does no damage.
The acid dragon spits acid at you. The splash of acid hits you!!
* * * LOW HITPOINT WARNING * * *
The acid corrodes you!
You feel better. The acid dragon completely misses you.
The acid dragon misses you.
You feel better. The acid dragon misses you. The acid dragon barely misses you.
The acid dragon bites you!
The acid dragon claws you but does no damage.
You feel better. The acid dragon spits acid at you.
The splash of acid misses you.
You hit the acid dragon but do no damage.
The acid dragon is severely wounded.
The acid dragon spits acid at you. The splash of acid hits you!!!
Ouch! That really hurt!
You die...

#....###...#.).##.##..PPP
##.### #.#.#..<.........#
#.# #.#....).........# #.#
#..........)...###
#####)#####.###..###.###.#
#...)..................
...
#...#.#.###.####.#######
... #...#.#.# #.# #.# ##
######...#.#.###@# #.#
.................D....#
#######.##.#.###.######
#.##.#.# #.# ####.#.# #.#
#.#.# #.# #.#.###.#
#.#.....#.#####
#...........(<#


You could see an acid dragon (fast, very poisoned, catching breath).

Vanquished Creatures
  An ice beast (D:4)
  A black bear (D:4)
  A hound (D:5)
  A gnoll bouda (D:4)
  4 iguanas
  Terence (D:3)
  An orc wizard (D:5)
  Robin (D:3)
  3 adders
  10 gnolls
  4 worms
  A dart slug (D:4)
  11 orcs
  10 ball pythons
  10 endoplasms
  2 giant cockroaches
  9 goblins
  12 hobgoblins
  12 jackals
  A quokka (D:1)
  4 bats
  3 frilled lizards
  7 kobolds
  8 rats
118 creatures vanquished.

Notes
Turn   | Place    | Note
-------+----------+-------------------------------------------
     0 | D:1      | cheesebisquit the Draconian Venom Mage began the quest for
                  | the Orb.
     0 | D:1      | Reached XP level 1. HP: 14/14 MP: 3/3
    61 | D:1      | Reached skill level 1 in Fighting
   232 | D:1      | Reached XP level 2. HP: 24/24 MP: 1/5
   280 | D:1      | Reached skill level 2 in Fighting
   584 | D:1      | Found a faded altar of an unknown god.
  1085 | D:1      | Reached skill level 3 in Fighting
  1126 | D:1      | Reached XP level 3. HP: 31/31 MP: 2/6
  1385 | D:2      | Found a glowing golden altar of the Shining One.
  1457 | D:2      | Identified the +5 quarterstaff "Daopty" {chaos, Drain rPois
                  | Int+2}
  1833 | D:2      | Reached skill level 1 in Staves
  2136 | D:2      | Reached XP level 4. HP: 34/40 MP: 1/7
  2705 | D:3      | Reached skill level 4 in Fighting
  2794 | D:3      | Noticed Robin
  3071 | D:3      | Noticed Terence
  3097 | D:3      | Killed Terence
  3098 | D:3      | Reached XP level 5. HP: 41/47 MP: 0/8
  3326 | D:3      | Found a burning altar of Makhleb.
  3413 | D:3      | Killed Robin
  4050 | D:4      | Noticed a black bear
  4625 | D:4      | Noticed an ice beast
  4633 | D:4      | Killed an ice beast
  4634 | D:4      | Reached skill level 5 in Fighting
  4634 | D:4      | Reached XP level 6. HP: 56/56 MP: 0/9
  5301 | D:5      | Entered Level 5 of the Dungeon
  5474 | D:5      | Reached skill level 6 in Fighting
  5592 | D:5      | Your scales start taking on a glossy black colour.
  5592 | D:5      | Reached XP level 7. HP: 56/63 MP: 1/10
  5592 | D:5      | Gained mutation: You are resistant to electric shocks.
                  | (rElec) [Black Draconian growth]
  5595 | D:5      | Learned a level 2 spell: Poisonous Vapours
  5599 | D:5      | Learned a level 3 spell: Mephitic Cloud
  5604 | D:5      | Learned a level 4 spell: Olgreb's Toxic Radiance
  6160 | D:5      | Reached skill level 1 in Air Magic
  6347 | D:5      | Killed from afar by an acid dragon

Illustrated notes

Levels and vault maps discovered:
D:1:      minmay_arrival_solitary_statue, layout_loops_ring,
          shapermc_ecumenical_altar_mp_urbaneastern,
          chequers_serial_rivers_marsh, minivault_27, chequers_decorated_corner
D:2:      layout_loops_ring, basic_altar
D:3:      layout_basic, mainiacjoe_overflow_brackets, uniq_terence, uniq_robin
D:4:      layout_basic
D:5:      layout_basic, minmay_hedge_maze

Skill      XL: |  1  2  3  4  5  6  7 |
---------------+----------------------+-----
Fighting       | 1 3 4 5 6 |  6.2
Staves         | 1 2 3 4 |  4.7
Dodging        | 2 |  2.0
Air Magic      | 1 |  1.0
Stealth        | |  1.7
Spellcasting   | |  2.1
Transmutations | |  1.0
Poison Magic   | |  3.2

Action                     |  1- 3 |  4- 6 |  7- 9 || total
---------------------------+-------+-------+-------++-------
  Melee: Unarmed           |     1 |       |       ||     1
         Tailslap          |     2 |     4 |     1 ||     7
         Club              |     2 |       |       ||     2
         Quarterstaff      |    10 |    41 |     8 ||    59
   Cast: Sting             |    93 |   172 |    43 ||   308
    Use: Potion            |       |       |     3 ||     3
 Armour: Skin              |     5 |    25 |    10 ||    40
  Dodge: Dodged            |    38 |   109 |    51 ||   198

Table legend: (Time is in decaauts)
 A = Elapsed time spent in this place.
 B = Non-inter-level travel time spent in this place.
 C = Inter-level travel time spent in this place.
 D = Time resting spent in this place.
 E = Time spent auto-exploring this place.
 F = Levels seen in this place.
 G = Mean time per level.
                   A        B        C        D        E       F      G
               +--------+--------+--------+--------+--------+-----+--------+
         Total |   6362 |   6007 |    355 |    133 |   4966 |   5 | 1272.4 |
       Dungeon |   6362 |   6007 |    355 |    133 |   4966 |   5 | 1272.4 |
               +--------+--------+--------+--------+--------+-----+--------+

Top non-repeatable levels by time:
     D:3: 1471 daAuts
     D:1: 1368 daAuts
     D:2: 1357 daAuts
     D:4: 1261 daAuts
     D:5: 903 daAuts
